Map: Abyssal Reef LE

Players

BIGFLLA - Winner!

  • Race: Protoss Protoss
  • League: Silver
  • Spawn Location: 11:00

Speedy

  • Race: Protoss Protoss
  • League: Silver
  • Spawn Location: 5:00

VOD

Have the link to the VOD?

Description

Time

  • Played on: March 21, 2017, 6:10 a.m.
  • Length: 15:12
Show
View Real Time Build Order
Export as new Build Order

BIGFLLA Protoss - Winner!

Build Orders:  

Get SALT Encoding   

  12  0:01  Probe (Chrono Boost)  
  13  0:14  Pylon  
  13  0:18  Probe (Chrono Boost)  
  14  0:29  Probe (Chrono Boost)  
  15  0:39  Gateway  
  15  0:45  Probe (Chrono Boost)  
  15  0:48  Assimilator  
  16  0:56  Probe (Chrono Boost)  
  17  1:06  Pylon  
  17  1:13  Forge  
  17  1:17  Probe (Chrono Boost)  
  18  1:30  Probe (Chrono Boost)  
  18  1:32  Zealot  
  21  1:42  Probe (Chrono Boost)  
  22  1:49  Photon Cannon  
  23  1:54  Probe (Chrono Boost)  
  23  1:57  Photon Cannon  
  23  2:12  Photon Cannon  
  23  2:19  Photon Cannon  
  23  2:42  Pylon, Probe (Chrono Boost)  
  23  2:43  Assimilator  
  24  2:54  Probe (Chrono Boost)  
  24  2:55  Cybernetics Core  
  25  2:58  Pylon  
  25  3:07  Protoss Ground Armor Level 1  
  25  3:09  Gateway  
  25  3:32  Sentry  
  27  3:41  Nexus  
  27  3:57  Photon Cannon  
  27  3:59  Stalker  
  29  4:04  Stalker  
  31  4:17  Warp Gate  
  31  4:25  Photon Cannon  
  31  4:29  Twilight Council  
  31  4:39  Zealot  
  31  4:42  Zealot  
  35  5:00  Pylon  
  35  5:05  Pylon  
  35  5:10  Probe (Chrono Boost)  
  35  5:11  Probe (Chrono Boost)  
  37  5:20  Probe (Chrono Boost)  
  38  5:23  Probe (Chrono Boost)  
  39  5:29  Protoss Ground Armor Level 2  
  39  5:40  Charge  
  39  5:50  Stalker x2  
  43  6:03  Probe (Chrono Boost)  
  43  6:04  Probe (Chrono Boost)  
  45  6:15  Probe (Chrono Boost)  
  45  6:16  Probe (Chrono Boost)  
  47  6:20  Sentry x2  
  47  6:22  Robotics Facility  
  51  6:47  Templar Archives  
  51  6:53  Stalker  
  53  6:57  Zealot  
  53  6:59  Assimilator  
  57  7:02  Assimilator  
  57  7:03  Probe x2 (Chrono Boost)  
  57  7:12  Pylon  
  57  7:15  Probe x2 (Chrono Boost)  
  59  7:19  Pylon  
  59  7:27  Probe x2 (Chrono Boost)  
  61  7:31  Zealot  
  61  7:32  Zealot  
  61  7:36  Blink  
  65  7:39  Observer, Probe x2 (Chrono Boost)  
  68  7:45  Psionic Storm  
  71  7:51  Probe (Chrono Boost)  
  71  7:53  Mothership Core (Chrono Boost)  
  71  8:13  Nexus  
  71  8:41  Pylon  
  71  8:48  Gateway  
  71  8:52  Gateway  
  71  8:57  Gateway  
  71  9:01  Photon Cannon  
  71  9:05  Photon Cannon  
  71  9:17  Nexus  
  71  9:20  Assimilator  
  71  9:24  Assimilator  
  71  9:25  Pylon  
  71  9:28  Pylon  
  71  9:34  Probe (Chrono Boost)  
  71  9:35  Probe x2 (Chrono Boost)  
  74  9:44  Pylon  
  74  9:47  Pylon  
  44  10:20  Immortal  
  44  10:23  Zealot x2  
  52  10:43  High Templar x3  
  60  10:51  Mothership Core (Chrono Boost)  
  60  10:52  Archon  
  60  11:17  Zealot x4  
  60  11:18  Zealot  
  70  11:29  Immortal  
  70  11:38  Protoss Ground Weapons Level 1  
  74  11:52  High Templar  
  74  11:53  High Templar  
  78  11:55  High Templar  
  78  11:57  Zealot x2  
  84  12:04  Immortal  
  88  12:22  Adept x2  
  92  12:25  Adept  
  91  12:38  Immortal  
  80  13:47  Pylon  
  80  13:49  Pylon  
  80  13:51  Pylon  
  80  13:53  Photon Cannon  
  80  13:55  Photon Cannon  
  79  14:16  Photon Cannon  
  79  14:20  Photon Cannon  
  79  14:31  Archon  
  79  14:32  Archon  
  77  14:50  Pylon  
  77  14:53  Pylon  
Show
View Real Time Build Order
Export as new Build Order

Speedy Protoss 

Build Orders:  

Get SALT Encoding   

  12  0:13  Assimilator  
  12  0:17  Assimilator  
  12  0:21  Probe (Chrono Boost)  
  13  0:31  Probe (Chrono Boost)  
  14  0:39  Pylon  
  14  0:43  Pylon  
  14  0:59  Gateway  
  14  1:48  Probe (Chrono Boost)  
  15  1:58  Probe (Chrono Boost)  
  16  2:09  Probe (Chrono Boost)  
  17  2:16  Cybernetics Core  
  17  2:19  Probe (Chrono Boost)  
  19  2:30  Pylon, Probe (Chrono Boost)  
  19  2:40  Probe (Chrono Boost)  
  20  2:57  Stargate  
  20  3:07  Stalker  
  20  3:09  Protoss Air Weapons Level 1  
  22  3:37  Stalker  
  24  4:07  Adept  
  26  4:48  Protoss Air Armor Level 1, Fleet Beacon  
  26  4:55  Stargate  
  26  5:12  Adept  
  27  5:37  Tempest  
  27  5:39  Adept  
  35  6:07  Adept  
  37  6:29  Probe (Chrono Boost)  
  38  6:42  Probe (Chrono Boost)  
  39  6:54  Pylon  
  39  7:00  Pylon x2  
  39  7:05  Pylon  
  39  7:08  Pylon  
  39  7:12  Adept  
  39  7:14  Probe (Chrono Boost)  
  42  7:20  Tempest  
  42  7:22  Tempest  
  54  7:39  Adept  
  56  8:03  Void Ray  
  56  8:04  Twilight Council  
  60  8:06  Adept  
  62  8:15  Protoss Air Weapons Level 2  
  62  8:33  Stalker  
  64  9:03  Adept  
  64  9:05  Graviton Catapult  
  66  9:30  Adept  
  68  9:57  Zealot  
  56  10:24  Zealot  
  58  10:41  Tempest  
  58  10:42  Tempest  
  70  10:51  Zealot  
  72  11:18  Adept  
  72  11:24  Void Ray  
  78  11:57  Pylon  
  78  11:58  Pylon  
  78  12:00  Pylon  
  78  12:02  Pylon  
  78  12:03  Pylon  
  78  12:15  Zealot  
  74  12:42  Zealot  
  46  14:07  Tempest x2  
Tags
 
Matchup
PvP
Replay Pack
3.21
Spawn Locations
Cross Positions
Add a new tag
Caveats
  • Supply blocks, unpowered buildings, or Contaminate may cause inaccurate times.
  • Supply counts are checked every 10 seconds.